[Event "FRA-ch Teams Top 16-B 2022"]
[Site "Chartres"]
[Date "2022.06.09"]
[Round "1.2"]
[White "Marzolo, Cyril"]
[Black "Nihal Sarin"]
[Result "0-1"]
[ECO "D24"]
[WhiteElo "2376"]
[BlackElo "2646"]
[Annotator "TA"]
[PlyCount "54"]
[EventDate "2022.06.09"]
[EventType "team-tourn"]
[EventCountry "FRA"]
[SourceTitle "playchess.com"]
[Source "ChessBase"]
[SourceQuality "1"]
[TimeControl "40/5400+30:1800+30"]

1. d4 Nf6 2. c4 e6 3. Nf3 d5 4. Nc3 dxc4 5. e4 b5 6. e5 {[%emt 0:04:35] D24: Queen's Gambit Accepted: 3 Nf3 Nf6 4 Nc3.} Nd5 7. Nxb5 Nb6 8. g3 {[%emt 0:03:18] White is slightly better.} Bb7 {[%emt 0:03:31] ...Bb4+ is the strong threat.} 9. Bg2 Be7 10. O-O O-O 11. Qc2 Nc6 {[%emt 0:00:21] [#]} 12. Qe4 $146 ({Predecessor:} 12. Rd1 Rb8 13. Be3 Nb4 14. Qe2 Be4 15. Ne1 Bg6 16. b3 cxb3 17. axb3 c6 18. Nc3 {0-1 (44) Swapnil,S (2493)-Svane,R (2595) Douglas 2018}) 12... Rb8 13. Qg4 Kh8 14. h4 Nb4 15. Bg5 h6 16. Bxe7 Qxe7 17. Nd2 (17. Nxa7 $2 Qd7 18. a3 Nd3 $19) (17. Nc3 $17 {was necessary.}) 17... Bxg2 $1 $19 18. Kxg2 Qd7 (18... Nd3 $142 $1 {Strongly threatening ...Qb4.} 19. Rab1 (19. Nxa7 $2 Qb4 $19) 19... Na4) 19. Na3 (19. Nxa7 $2 Ra8 20. Qe4 (20. a3 $2 Nd3 $19) 20... Rxa7 $19) 19... Nd3 (19... Rfd8 $1 $17 20. Qe2 Qc6+ 21. Qf3 Rxd4 22. Qxc6 Nxc6) 20. Rab1 (20. b3 $1 $15) 20... Rfd8 $17 21. Rfd1 {[%emt 0:00:22] [#]} Qd5+ ({And not} 21... Qxd4 22. Qxd4 Rxd4 23. Ndxc4 $17) (21... Qa4 $1 $19 {[%cal Oc4c3] has better winning chances. White must now prevent ...c3!} 22. Ndxc4 Nxc4 23. Rxd3 Nxe5) 22. Qe4 Qxe4+ ({Not} 22... Qxd4 23. Qxd4 Rxd4 24. Ndxc4 $15) 23. Nxe4 Rd7 (23... Rxd4 $17 24. Nc5 Rbd8 25. Nxd3 cxd3) 24. d5 $2 (24. Nc2 $11) 24... Rxd5 ({Better is} 24... exd5 $19 25. Nc3 Nxe5) 25. Nc3 Rd4 ({Don't take} 25... Nxe5 26. Nxd5 Nxd5 27. Rd4 $14) 26. f4 {[%emt 0:00:17] [#]} c5 {[%emt 0:00:00] 0x0.00166ba0970cdp-1022s more active pieces.} (26... g5 $1 $17 27. hxg5 hxg5) 27. Kf3 Nd5 $2 {[%emt 0:00:00][%mdl 40960] Weighted Error Value: White=0.40/Black=0.28 (precise) . Loss on time!?} (27... Rbd8 $15 28. b3 f6 29. exf6 gxf6) 0-1

[Event "FRA-ch Teams Top 16-B 2022"]
[Site "Chartres"]
[Date "2022.06.09"]
[Round "1.3"]
[White "Mendonca, Leon Luke"]
[Black "Crut, Aurelien"]
[Result "1-0"]
[ECO "A07"]
[WhiteElo "2551"]
[BlackElo "2355"]
[Annotator "TA"]
[PlyCount "117"]
[EventDate "2022.06.09"]
[EventType "team-tourn"]
[EventCountry "FRA"]
[SourceTitle "playchess.com"]
[Source "ChessBase"]
[SourceQuality "1"]
[TimeControl "40/5400+30:1800+30"]

1. Nf3 d5 2. g3 Bg4 3. Bg2 c6 4. O-O Nd7 5. d3 e6 6. h3 {[%emt 0:01:55] A07: Réti Opening: New York and Capablanca Systems.} Bh5 7. c4 Bd6 8. Nc3 {[%emt 0:10:52] The position is equal.} Ne7 9. Qb3 O-O {[%emt 0:13:31] [#]} 10. e4 $146 (10. Qxb7 Nc5 11. Qb4 Bxf3 12. Bxf3 a5 $17) ({Predecessor:} 10. d4 Qb6 11. Rd1 Qxb3 12. axb3 Bxf3 13. Bxf3 f5 14. e3 a6 15. Bd2 Nf6 16. Be1 {1-0 (66) Kramnik,V (2808)-Jobava,B (2707) Leuven 2017}) 10... Nc5 11. Qc2 dxc4 (11... Bxf3 $142 12. Bxf3 d4) 12. dxc4 $11 Bxf3 13. Bxf3 e5 14. Be3 {[%emt 0:06:08] aiming for Rfd1.} Ng6 15. Rfd1 {[%emt 0:04:04] Threatens to win with Bxc5.} Qe7 16. Bg4 Rfd8 17. Rd2 Bc7 18. Rad1 a5 $2 (18... Rxd2 $11 {and Black stays safe.} 19. Rxd2 (19. Qxd2 Rd8 $14) 19... Nf8) 19. h4 $2 (19. Bxc5 $18 Rxd2 20. Rxd2 (20. Qxd2 Qxc5 21. Na4 Qxc4 $11) 20... Qxc5 21. Rd7) 19... Ne6 20. Bxe6 Qxe6 21. Qb3 Rxd2 22. Rxd2 Qc8 23. h5 {[%emt 0:08:45] White is much more active.} Nf4 24. Qd1 ({Weaker is} 24. gxf4 exf4 25. Qd1 fxe3 $17) 24... Qh3 $2 25. Qf3 $2 ({White must play} 25. gxf4 $18 h6 26. f5) 25... Qxh5 (25... Nxh5 {keeps more tension.} 26. Qf5 Qxf5 27. exf5 Rd8) 26. Qxh5 Nxh5 27. Rd7 Rc8 28. Bg5 {[%emt 0:00:29] [#]} (28. Na4 $15) 28... h6 (28... Kf8 $1 $17) 29. Be7 g6 30. Na4 b5 31. cxb5 cxb5 32. Nc3 Bb6 33. Kg2 Kg7 34. Nd5 Rc6 (34... Bc5 $11) 35. b3 ({Reject} 35. Rb7 Bd4 $15) 35... Bc5 36. Bd8 a4 {[%emt 0:00:28] [#]} (36... Kf8 $14) 37. b4 $1 $16 Rd6 38. Rxd6 Bxd6 {[%emt 0:00:05][%mdl 4096] Endgame KBN-KBN} 39. a3 f5 40. Nc3 Kf7 41. Nxb5 Ke6 42. Nc3 Kd7 43. Bb6 Nf6 44. exf5 gxf5 45. Be3 h5 46. Nxa4 f4 47. gxf4 exf4 48. Bd4 Ne8 (48... Ng4 $16 49. Nc5+ Kc6) 49. Kh3 Ke6 50. Kh4 ({Better is} 50. Nb6 $18) 50... Kf5 $2 (50... Kd5 $16 {is tougher.}) 51. Nc5 $18 Nc7 (51... Kg6 $142 52. a4 Be7+ 53. Kh3 Nd6) 52. a4 Nd5 53. b5 Bc7 54. Kxh5 f3 55. Nb3 Ke4 56. Bc5 {[%emt 0:01:14] a5 is the strong threat.} Nc3 (56... Nf6+ $142 57. Kg6 Nd7) 57. b6 {[%emt 0:00:20] White is clearly winning.} Bxb6 58. Bxb6 Nxa4 59. Nc5+ {[%emt 0:00:17] Weighted Error Value: White=0.26 (precise) /Black=0.49} 1-0

[Event "FRA-ch Teams Top 16-B 2022"]
[Site "Chartres"]
[Date "2022.06.09"]
[Round "1.4"]
[White "Benitah, Yohan"]
[Black "Papadiamandis, Elliot"]
[Result "1/2-1/2"]
[ECO "D85"]
[WhiteElo "2383"]
[BlackElo "2373"]
[Annotator "TA"]
[PlyCount "31"]
[EventDate "2022.06.09"]
[EventType "team-tourn"]
[EventCountry "FRA"]
[SourceTitle "playchess.com"]
[Source "ChessBase"]
[SourceQuality "1"]
[TimeControl "40/5400+30:1800+30"]

1. d4 Nf6 2. c4 g6 3. Nc3 d5 4. cxd5 Nxd5 5. Bd2 c5 6. e4 {[%emt 0:02:59] D85: Exchange Grünfeld: Unusual White 7th moves and lines with 7 Nf3.} Nxc3 7. Bxc3 cxd4 8. Bxd4 e5 9. Bc3 {[%emt 0:10:06] [#]} Qb6 $146 ({Predecessor:} 9... Bd6 10. Bb5+ Nc6 11. Nf3 O-O 12. O-O Qe7 13. h3 f6 14. Bxc6 bxc6 15. Qa4 Be6 {0-1 (27) Wojtaszek,R (2700)-Dubov,D (2714) Terme Catez 2021}) 10. Bc4 Bg7 (10... Bc5 $5 ) 11. Nf3 O-O 12. O-O ({Not} 12. Nxe5 $2 Bxe5 13. Bxe5 Qb4+ 14. Qd2 Qxc4 $19) (12. Qb3 $5 ) 12... Nc6 {[%emt 0:04:38] The position is equal.} 13. Qa4 Bg4 14. Nd2 Nd4 15. h3 Be6 16. Rfe1 {[%emt 0:06:23] A rather calm draw.  Weighted Error Value: White=0.17 (very precise) /Black=0.09 (flawless)} 1/2-1/2

[Event "FRA-ch Teams Top 16-B 2022"]
[Site "Chartres"]
[Date "2022.06.09"]
[Round "1.5"]
[White "Rakotomaharo, Fy Antenaina"]
[Black "Rouler, Charly"]
[Result "1-0"]
[ECO "B41"]
[WhiteElo "2467"]
[BlackElo "2345"]
[Annotator "TA"]
[PlyCount "91"]
[EventDate "2022.06.09"]
[EventType "team-tourn"]
[EventCountry "FRA"]
[SourceTitle "playchess.com"]
[Source "ChessBase"]
[SourceQuality "1"]
[TimeControl "40/5400+30:1800+30"]

1. e4 c5 2. Nf3 e6 3. d4 cxd4 4. Nxd4 a6 5. c4 Nf6 6. Nc3 d6 7. Be3 Be7 8. Be2 O-O 9. O-O b6 10. Qd2 Bb7 11. f3 Qc7 12. Rfc1 $1 {[%emt 0:00:36] 12.Rfc1 is better than 12.Rac1. B41: Sicilian: Kan Variation: 5 c4.} Rc8 13. a4 Qd8 14. Bf1 {[%emt 0:06:14] White is slightly better.} Nc6 {[%emt 0:01:26] [#]} 15. Qf2 $146 ({Predecessor:} 15. Nxc6 Bxc6 16. Ne2 Rab8 17. Nd4 Ba8 18. Rc2 Nd7 19. a5 bxa5 20. Qxa5 Qxa5 21. Rxa5 {1-0 (53) Andonov,B (2335)-Kalesis,N (2315) Peristeri 1992}) 15... Nd7 16. Nxc6 Bxc6 17. Rab1 Rab8 18. b4 Ba8 19. Bd4 Bf6 20. Rd1 {[%emt 0:06:18] Black should prevent Bxf6.} Qe7 21. Bxf6 Nxf6 22. Qd4 Rd8 23. Rb2 Qc7 24. Rbd2 Rd7 25. Qe3 Rbd8 26. g4 h6 27. g5 hxg5 28. Qxg5 a5 29. Nb5 Qc6 30. Rg2 Ne8 31. bxa5 $40 {[%emt 0:01:17][%mdl 128] White is up to no good.} bxa5 32. Rgd2 f6 (32... Nf6 $11) 33. Qe3 $14 Nc7 34. Bh3 Kf7 35. Kh1 Ke7 $2 (35... Nxb5 $14 36. cxb5 Qc4) 36. Rg1 (36. Rg2 $1 $18 Rg8 37. Qg1) 36... Rg8 $16 37. Nd4 {[%emt 0:02:17] White is much more active.} Qxa4 (37... Qc5 $16 {might work better.}) 38. Rb2 $1 $18 Qxc4 $2 (38... Kf7 $16 {is tougher.}) 39. Rc2 Qa6 (39... Qb4 40. Rg6 Qb1+ 41. Rc1 Qb2) 40. Rxc7 $2 Rxc7 $16 41. Bxe6 Rh8 {[%emt 0:02:30] [#]} 42. Ba2 (42. Bh3 $1 $14 g5 43. Qb3) 42... g5 (42... Qa7 43. Qd2 Qb6 44. Ne6 $16) 43. Rxg5 Qf1+ $2 {[%emt 0:01:38][%mdl 8192] [#]} (43... fxg5 $17 44. Qxg5+ Ke8 45. Qg6+ Kd8 46. Qf6+ Kc8 47. Qxh8+ Kb7) 44. Rg1 $18 {[%emt 0:00:00] White is clearly winning.} Qh3 45. Qf4 {[%emt 0:00:00] Threatens to win with Nf5+.} Rd7 46. Be6 {[%emt 0:00:00] Weighted Error Value: White=0.47/Black=0.68} 1-0

[Event "FRA-ch Teams Top 16-B 2022"]
[Site "Chartres"]
[Date "2022.06.09"]
[Round "1.6"]
[White "Brailly-Vignal, Bastien"]
[Black "Burri, Quentin"]
[Result "1/2-1/2"]
[ECO "D10"]
[WhiteElo "2372"]
[BlackElo "2401"]
[Annotator "TA"]
[PlyCount "26"]
[EventDate "2022.06.09"]
[EventType "team-tourn"]
[EventCountry "FRA"]
[SourceTitle "playchess.com"]
[Source "ChessBase"]
[SourceQuality "1"]
[TimeControl "40/5400+30:1800+30"]

1. d4 d5 2. c4 c6 3. Nc3 Nf6 4. cxd5 cxd5 5. Bg5 e6 6. Rc1 {[%emt 0:03:04] D10: Slav Defence: 3 cxd5 (without early Nf3) and 3 Nc3.} Be7 7. e3 O-O 8. Bd3 Nc6 9. Bb1 {[%emt 0:08:49] [#]} Bd7 $146 ({Predecessor:} 9... h6 10. Bh4 b6 11. Nf3 Bb7 12. a3 Rc8 13. O-O Re8 14. Qd3 g6 15. b4 Bf8 {1-0 (27) Gomez Guardo,L (1833)-De la Hoz Paternina,F (1326) Cartagena 2019}) 10. Qd3 {[%emt 0:08:37] [#] And now Bxf6 would win.} Nb4 11. Qd1 Nc6 {[%emt 0:02:02] The position is equal.} 12. Qd3 {[%emt 0:00:51] Threatens to win with Bxf6.} Nb4 13. Qd1 Nc6 {[%emt 1:04:08] Not much happened in this game.  Weighted Error Value: White=0.08 (flawless) /Black=0.04 (flawless)} 1/2-1/2

[Event "FRA-ch Teams Top 16-B 2022"]
[Site "Chartres"]
[Date "2022.06.09"]
[Round "1.7"]
[White "Sokolov, Andrei"]
[Black "Astolfi, Frederic"]
[Result "1-0"]
[ECO "B16"]
[WhiteElo "2516"]
[BlackElo "2144"]
[Annotator "TA"]
[PlyCount "85"]
[EventDate "2022.06.09"]
[EventType "team-tourn"]
[EventCountry "FRA"]
[SourceTitle "playchess.com"]
[Source "ChessBase"]
[SourceQuality "1"]
[TimeControl "40/5400+30:1800+30"]

1. e4 c6 2. d4 d5 3. Nd2 dxe4 4. Nxe4 Nf6 5. Nxf6+ gxf6 6. c3 Bf5 7. Nf3 e6 8. g3 Qd5 9. Bg2 Qc4 10. Nh4 {[%emt 0:34:38] B16: Caro-Kann: Bronstein-Larsen Variation.} Bg6 11. Be3 Nd7 12. Qd2 {[%emt 0:02:09] White is slightly better.} Qd3 13. Qxd3 Bxd3 {[%emt 0:00:10] [#]} 14. O-O-O $146 ({Predecessor:} 14. b3 O-O-O 15. Kd2 Ba6 16. Kc2 Bd6 17. f4 f5 18. c4 Nf6 19. Rhd1 Rhg8 20. Nf3 {½-½ (53) Pedersen,H (2524)-Dolgov,I (2507) ICCF email 2006}) 14... Bc4 15. b3 Bd5 16. c4 Bxg2 17. Nxg2 O-O-O 18. d5 cxd5 19. cxd5 Bc5 20. Rhe1 Rhe8 21. Nf4 exd5 22. Nxd5 Bxe3+ 23. Rxe3 Rxe3 24. fxe3 $14 {[%emt 0:02:59][%mdl 4096] Endgame KRN-KRN} Re8 25. Rf1 Re6 26. Kd2 Rd6 27. e4 Kd8 28. Ke3 Ra6 29. Nb4 {[%emt 0:03:26] White is more active.} (29. a4 $16) 29... Rb6 30. Nd5 ({White should play} 30. Nc2 $14) 30... Ra6 $1 $16 31. Rf2 Rc6 32. Kd4 b5 33. h4 Ke8 34. h5 Kf8 35. h6 (35. Rf3 $16) 35... Rd6 $2 {[%emt 0:02:56][%mdl 8192] [#] Black cannot hold the game after this.} (35... f5 $1 $11) 36. Rc2 $1 $18 Nb6 {[%emt 0:00:56][%cal Of6f5] Against Rc8+} 37. Kc5 Rd7 (37... Re6 38. g4 (38. Kxb5 f5 $16) 38... f5) 38. Kc6 {[%emt 0:00:43] White is clearly winning.} Rd8 39. Nxb6 axb6 40. Kxb5 Rd3 41. Kxb6 Rxg3 42. b4 Re3 43. Rc4 {[%emt 0:00:00] Weighted Error Value: White=0.19 (very precise) /Black=0.26 (precise)} 1-0

[Event "FRA-ch Teams Top 16-B 2022"]
[Site "Chartres"]
[Date "2022.06.09"]
[Round "1.8"]
[White "Rollot, Florence"]
[Black "Navrotescu, Andreea"]
[Result "0-1"]
[ECO "A13"]
[WhiteElo "2017"]
[BlackElo "2318"]
[Annotator "TA"]
[PlyCount "114"]
[EventDate "2022.06.09"]
[EventType "team-tourn"]
[EventCountry "FRA"]
[SourceTitle "playchess.com"]
[Source "ChessBase"]
[SourceQuality "1"]
[TimeControl "40/5400+30:1800+30"]

1. Nf3 d5 2. c4 c6 3. b3 Nf6 4. Bb2 e6 5. g3 Bd6 6. Bg2 Nbd7 7. O-O e5 8. d3 O-O 9. cxd5 cxd5 10. Nc3 a6 {[%emt 0:01:50] [#] A13: English Opening: 1...e6.} 11. Qc2 $146 ({Predecessor:} 11. e3 b5 12. Nh4 Nb6 13. e4 g5 14. Nf5 Bxf5 15. exf5 b4 16. Ne2 Qd7 17. f4 Ng4 18. fxe5 Nxe5 {1-0 (38) Rogac,S (2400)-Damia,A (2242) Novi Sad 2016}) 11... Nb8 12. a3 Nc6 {[%emt 0:01:01] The position is equal.} 13. Rac1 Bg4 14. Na4 Rc8 15. Qd1 (15. Qd2 $11) 15... Qe7 (15... b5 $1 $15 16. Nc5 Qe7) 16. b4 a5 (16... Nd7 $142) 17. Nb6 $11 Rcd8 18. b5 Nd4 19. Nxd4 exd4 20. f3 ({Much weaker is} 20. Bxd4 $6 Bxe2 21. Bxf6 gxf6 22. Nxd5 Qe6 $11) (20. Nxd5 Nxd5 21. Bxd5 Bxe2 $17) (20. Qa4 $16) 20... Be6 (20... Bd7 $5) 21. Qb3 Bc5 22. Na4 b6 23. Rc2 h5 24. h4 (24. Nxc5 $11 bxc5 25. a4) 24... Nd7 ({Better is} 24... Rc8 $15) 25. Bc1 Bd6 26. Kf2 {[%emt 0:02:51] [#]} (26. f4 $11) 26... Nc5 $1 $36 {[%emt 0:01:43][%mdl 2048] Black is on the roll.} 27. Nxc5 bxc5 28. Qa4 Qc7 29. f4 c4 30. Bf3 (30. dxc4 $142 dxc4 31. Bc6) 30... Qb6 $17 31. Kg2 g6 {[%emt 0:04:26] Black is more active.} (31... Rc8 $17 {And now ...g6 would win.} 32. Bd2 c3) 32. Rd1 $2 (32. dxc4 $11 {and White has nothing to worry.} dxc4 33. Rxc4 Bxc4 34. Qxc4) 32... Rc8 $19 33. Bb2 Bc5 $2 (33... c3 $19 34. Ba1 Bd7) 34. Rdc1 $2 ({White should try} 34. dxc4 $15 dxc4 35. Rxc4) 34... Rfd8 35. Ba1 Rb8 36. Rb2 $2 (36. dxc4 {was worth a try.} dxc4 37. f5 gxf5 38. Rxc4 Bxc4 39. Qxc4 Bxa3 40. Rb1) 36... Qd6 $2 (36... c3 $19 {is more deadly.} 37. Ra2 Bd7) 37. Ra2 (37. dxc4 $17 {was the only chance.} dxc4 38. Rxc4) 37... Bb6 (37... Bd7 $19 {Strongly threatening ...Qe6.} 38. Qd1 (38. dxc4 $2 Qe6 $19) 38... Bxb5) 38. Qd1 (38. dxc4 $17 dxc4 39. Rxc4) 38... c3 39. a4 (39. e3 $142) 39... Rbc8 40. Qe1 Bf5 41. Qd1 Kh7 42. Qb3 Qe6 43. Rac2 Rc7 44. Qa2 Re7 {[%emt 0:00:26] White must now prevent ...Bg4.} 45. Kh2 Bg4 46. Rf1 Bc7 47. Qa3 Bd6 48. Qa2 Bxf3 49. Rxf3 Rde8 50. Qb1 {[%emt 0:01:29] [#]} (50. e3 $142 Bc5 51. f5 gxf5 52. Rg2) 50... Qxe2+ $1 51. Rxe2 Rxe2+ 52. Kh3 {[%emt 0:01:28] [#]} Re1 {[%emt 0:00:06][%mdl 64] Prevents Qh1. Skewer} 53. Qb3 R8e2 {[%emt 0:00:03][%cal Re1h1] Inhibits Rf2. Black mates.} 54. Rf2 Rxf2 55. Qxd5 {[%emt 0:00:07] [#]} Ree2 $1 56. Qxf7+ (56. Qh1 Rd2) 56... Kh6 57. g4 Re3# {[%emt 0:00:40] Weighted Error Value: White=0.71/Black=0.37} 0-1

[Event "FRA-ch Teams Top 16-B 2022"]
[Site "Chartres"]
[Date "2022.06.09"]
[Round "1.9"]
[White "Neiksans, Arturs"]
[Black "Di Nicolantonio, Lucas"]
[Result "1-0"]
[ECO "D02"]
[WhiteElo "2579"]
[BlackElo "2399"]
[Annotator "TA"]
[PlyCount "47"]
[EventDate "2022.06.09"]
[EventType "team-tourn"]
[EventCountry "FRA"]
[SourceTitle "playchess.com"]
[Source "ChessBase"]
[SourceQuality "1"]
[TimeControl "40/5400+30:1800+30"]

1. Nf3 d5 2. g3 g6 3. Bg2 Bg7 4. d4 c6 5. O-O Nf6 6. a4 {[%emt 0:10:32] D02: 1 d4 d5 2 Nf3 sidelines, including 2...Nf6 3 g3 and 2...Nf6 3 Bf4.} O-O 7. a5 Na6 8. c3 {[%emt 0:03:24] The position is equal.} Bf5 {[%emt 0:03:24] [#]} 9. Bf4 $146 ({Predecessor:} 9. Ne5 Nd7 10. f4 Nf6 11. Nd2 Nc7 12. a6 Nxa6 13. Nxc6 Qb6 14. Nxe7+ Kh8 15. Nxd5 Nxd5 16. Bxd5 Bxd4+ {1-0 (53) Eliseev,E (1992)-Savchenko,B (2633) Chess.com INT 2016}) 9... Qc8 10. Qb3 Nh5 11. Be3 Rb8 12. c4 dxc4 13. Qxc4 Bh3 14. Nc3 Nc7 15. Bg5 {[%emt 0:02:47] Hoping for Bxh3.} Bxg2 16. Kxg2 Qd7 17. e4 Kh8 18. Rad1 f5 19. Ne5 Qe8 20. Rfe1 $36 {[%emt 0:06:13][%mdl 2048] White is in control.} f4 {[%emt 0:08:47] [#]} 21. f3 $1 {[%emt 0:01:10] 0x0.000bd5f48946dp-1022s more active pieces.} e6 (21... fxg3 $16 22. hxg3 Rd8) 22. g4 $18 h6 $2 {[%emt 0:04:07] [#]} (22... Nf6 23. Bxf4 Nxg4) 23. Be7 $1 Rg8 (23... Nf6 24. Bd6) 24. Bd6 {[%emt 0:00:17] Weighted Error Value: White=0.04 (flawless) /Black=0.34} ({Not} 24. gxh5 Bxe5 25. Qc5 Bg7 $14) 1-0

[Event "FRA-ch Teams Top 16-B 2022"]
[Site "Chartres"]
[Date "2022.06.09"]
[Round "1.10"]
[White "Duboue, Peio"]
[Black "Kulaots, Kaido"]
[Result "1-0"]
[ECO "B06"]
[WhiteElo "2426"]
[BlackElo "2537"]
[Annotator "TA"]
[PlyCount "127"]
[EventDate "2022.06.09"]
[EventType "team-tourn"]
[EventCountry "FRA"]
[SourceTitle "playchess.com"]
[Source "ChessBase"]
[SourceQuality "1"]
[TimeControl "40/5400+30:1800+30"]

1. e4 c5 2. c3 d5 3. exd5 Qxd5 4. d4 g6 5. Nf3 Bg7 6. Na3 cxd4 7. Bc4 {[%emt 0:01:29] B06: Modern Defence.} Qd8 8. Qb3 {[%emt 0:01:27][%mdl 1024] White has compensation.} e6 $1 9. Nb5 {[%emt 0:00:06] [#] White is slightly better.} Ne7 $146 ({Predecessor:} 9... a6 10. Bg5 Ne7 11. Nbxd4 Qc7 12. O-O Nbc6 13. Rad1 Na5 14. Qa4+ Bd7 15. Qa3 Bf8 {0-1 (58) Kukawski,M (2285)-Riff,J (2493) Warsaw 2017}) 10. Bf4 (10. cxd4 Nbc6 11. Qa3 O-O $15) 10... O-O 11. Nc7 {[%emt 0:24:54] [#]} (11. Nfxd4 e5 12. O-O-O exd4 $17) (11. cxd4 Nbc6 $15) 11... Nbc6 $1 12. Nxa8 $16 {[%emt 0:00:57] aiming for Nxd4. 0x0.00086066af91dp-1022s more active pieces. The black rooks are badly placed.} e5 13. Bg5 h6 14. Bxe7 Qxe7 15. Qa3 ({Better is} 15. O-O $16) 15... Qxa3 $11 16. bxa3 {[%emt 0:00:04] Hoping for cxd4.} dxc3 17. O-O {[%emt 0:05:45] Nc7 is the strong threat.} e4 18. Ne1 Ne5 (18... Be5 $11) 19. Be2 ({Of course not} 19. Bd5 $6 Bf5 $11) 19... Bg4 (19... Nc6 $142) 20. Bxg4 $16 Nxg4 21. h3 ({White must play} 21. Nc7 $16) 21... Ne5 (21... e3 $1 $11 {remains equal.}) 22. Nc7 {[%emt 0:00:05] Black must now prevent Nc2.} Rd8 23. Nc2 Rd2 24. Ne3 Nd3 25. Ncd5 {[%emt 0:02:55] Strongly threatening Rad1.} Bd4 {[%emt 0:02:52] [#]} 26. Rac1 $1 Nxc1 27. Rxc1 Rxa2 28. Nxc3 {[%emt 0:00:26] Pair of Knights!} Rxa3 29. Nxe4 Bxe3 30. fxe3 Rxe3 {[%emt 0:00:09][%mdl 4096] Endgame KRN-KR} 31. Nd6 Re6 32. Nxb7 Re7 33. Na5 Kg7 34. Rc8 h5 35. Kh2 h4 36. Nc6 Rb7 37. Ra8 Rb6 38. Ne5 ({And not} 38. Nxa7 Ra6 $15) 38... Ra6 39. Rc8 Ra5 40. Nc6 Ra1 41. Ne5 Ra5 $1 42. Nc4 Ra6 43. Nd2 Ra4 (43... g5 $16 44. Rc2 Kg6) 44. Rc7 $18 g5 45. Nc4 a6 46. Nd6 Rf4 47. Ra7 Kg6 48. Rxa6 f6 49. Nb5 Rf1 50. Nc3 {[%emt 0:00:25] Threatens to win with Rc6.} Kg7 $2 (50... Re1 {was necessary.} 51. Nd5 Rf1) 51. Nd5 Kg6 52. Ne3 Rf4 53. Kg1 {[%emt 0:01:37] And now Nd5 would win.} Kg7 54. Nd5 Rf5 55. Ra7+ Kf8 56. Ne3 Rf4 57. Ng4 Kg8 $2 (57... Ke8 58. Nf2 Kd8) 58. Nh6+ Kf8 59. Rb7 Ke8 60. Rf7 g4 $2 (60... Rf5 $18 61. Nxf5 Kxf7) 61. hxg4 {[%emt 0:00:26] White mates.} Rxg4 62. Nxg4 Kxf7 63. Kh2 Kg6 64. Kh3 {[%emt 0:17:16] Weighted Error Value: White=0.14 (very precise) /Black=0.32} 1-0

[Event "FRA-ch Teams Top 16-B 2022"]
[Site "Chartres"]
[Date "2022.06.09"]
[Round "1.11"]
[White "Godart, Francois"]
[Black "Real, Thibault"]
[Result "1-0"]
[ECO "E04"]
[WhiteElo "2399"]
[BlackElo "2262"]
[Annotator "TA"]
[PlyCount "83"]
[EventDate "2022.06.09"]
[EventType "team-tourn"]
[EventCountry "FRA"]
[SourceTitle "playchess.com"]
[Source "ChessBase"]
[SourceQuality "1"]
[TimeControl "40/5400+30:1800+30"]

1. d4 Nf6 2. c4 e6 3. g3 d5 4. Bg2 dxc4 5. Nf3 Nc6 6. Qa4 Bb4+ 7. Bd2 Nd5 8. Bxb4 Ndxb4 9. O-O Bd7 {[%emt 0:15:27] E04: Open Catalan: 5 Nf3.} (9... Rb8 $11 {remains equal.}) 10. a3 $16 b5 11. Qxb5 Nc2 {[%emt 0:02:33][%csl LRa1,LRd4] White is better.} 12. Ra2 N6xd4 13. Qc5 $1 Qe7 (13... Nxe2+ $2 14. Kh1 $18) 14. Qa5 $1 {[%emt 0:01:41] And now Nxd4 would win.} Bc6 15. Nxd4 {[%emt 0:14:51][%mdl 64] Discovered Attack} Nxd4 16. Bxc6+ Nxc6 17. Qa4 Qc5 18. Rc1 $1 O-O 19. Rxc4 (19. Qxc4 Qxc4 20. Rxc4 Na5 $14) 19... Qa5 {[%emt 0:00:11] [#] Strongly threatening ...Qe1+.} 20. Nc3 $1 $36 {[%emt 0:00:54][%mdl 2048] Keeping Black busy.} ({Wrong is} 20. Qxc6 $2 Qe1+ 21. Kg2 Qxb1 $19) ({Much less strong is} 20. Qxa5 $6 Nxa5 21. Rc3 (21. Rxc7 Nb3 $11) 21... Rad8 $14) 20... Qxa4 21. Nxa4 {[%emt 0:00:52] [#]} Na5 $146 {[%emt 0:03:59] [#]} ({Predecessor:} 21... Ne5 22. Rc5 f6 23. b4 Rac8 24. Ra5 Ra8 25. Nc5 Kf7 26. Ra6 Rfe8 27. Rc2 Re7 {1-0 (63) Knol,E (2200)-Brodie,P (1794) ICCF email 2016}) 22. Rc3 ({Resist} 22. Rxc7 $6 Nb3 $14) 22... Nb7 23. Rxc7 Nd6 24. Ra1 g6 25. Rac1 Rfd8 26. f3 {[%emt 0:02:14] White is more active.} Ne8 27. R7c6 Rd4 28. b4 Kg7 (28... Rad8 $142 29. Rc8 Kg7) 29. Kf2 h5 30. Ke3 Rd5 31. Nc3 Rd7 32. Ne4 Rb7 33. R1c5 Rd8 34. Ra5 Rd1 $2 (34... Nf6 35. Rd6 Re8) 35. Rca6 $18 Rc7 36. Rxa7 Rc2 37. Rc5 Rb2 38. Rc8 Nf6 39. Nxf6 Kxf6 40. Rcc7 Re1 41. Rxf7+ Kg5 (41... Ke5 $18 42. f4+ Kd5 43. Rfd7+ Kc4 44. Rac7+ Kb5 45. Rc5+ Kb6) 42. h4+ {[%emt 0:28:04] Weighted Error Value: White=0.03 (flawless) /Black=0.40} 1-0